 Dungeon Crawl Stone Soup version 0.30.1-3-gfc49f6343a (webtiles) character file.

Game seed: 10404444789971269357

418 Heoruswealwe the Magician (level 6, 0/32 HPs)
             Began as a Deep Elf Conjurer on Aug 9, 2023.
             Killed from afar by Edmund (18 damage)
             ... with a bolt of light
             ... on level 4 of the Dungeon.
             The game lasted 00:23:25 (2202 turns).

Heoruswealwe the Magician (Deep Elf Conjurer)       Turns: 2202, Time: 00:23:25

Health: 0/32       AC:  4    Str:  4    XL:     6   Next: 61%
Magic:  2/18       EV: 12    Int: 28    God:
Gold:   143        SH:  0    Dex:  8    Spells: 5/19 levels left

rFire   . . .        b - +1 flail of the Sun {protect, rC++ rN+ Int+3 Dex-5}
rCold   + + .        (no shield)
rNeg    + . .        c - +0 robe
rPois   .            (no helmet)
rElec   .            h - +1 cloak {rCorr}
rCorr   +            (no gloves)
SInv    .            (no boots)
Will    .....        (no amulet)
Stlth   +            (no ring)
HPRegen 0.25/turn    (no ring)
MPRegen 0.16/turn

%: no passive effects
@: confused
A: no striking features
a: no special abilities


You were on level 4 of the Dungeon.
You visited 1 branch of the dungeon, and saw 4 of its levels.

You collected 143 gold pieces.

Inventory:

Hand Weapons
 b - the +1 flail of the Sun (weapon) {protect, rC++ rN+ Int+3 Dex-5}
   (You found it on level 2 of the Dungeon)

   Int:       It affects your intelligence (+3).
   Dex:       It affects your dexterity (-5).
   rC:        It greatly protects you from cold.
   rN:        It protects you from negative energy.
Armour
 c - a +0 robe (worn)
 d - a +0 robe
 h - a +1 cloak of preservation (worn)
 j - a +0 robe
 k - a +0 robe
 q - a +0 robe
 r - a +0 robe
Wands
 s - a wand of paralysis (5)
Scrolls
 e - a scroll of blinking {unknown}
 f - a scroll of teleportation {unknown}
 g - a scroll of fog {unknown}
 l - a scroll of fear {unknown}
 u - 2 scrolls of identify {unknown}
 v - a scroll of poison {unknown}
Potions
 a - 2 potions of haste {unknown}
 i - 3 potions of curing
 m - a potion of degeneration {unknown}
 n - a potion of heal wounds {unknown}
 o - 2 potions of magic
 p - a potion of ambrosia {unknown}
 t - a potion of might {unknown}
 w - a potion of lignification {unknown}


   Skills:
 - Level 2.4 Dodging
 - Level 2.4 Stealth
 + Level 7.0 Spellcasting
 + Level 6.9 Conjurations


You had 5 spell levels left.
You knew the following spells:

 Your Spells              Type           Power      Damage    Failure   Level
a - Magic Dart            Conj           100%       1d8       1%          1
b - Searing Ray           Conj           98%        2d8       1%          2
c - Dazzling Flash        Conj/Hex       58%        N/A       3%          3
d - Fulminant Prism       Conj/Hex       14%        3d9       13%         4
e - Iskenderun's Mystic   Conj/Tloc      29%        2d7       13%         4

Your spell library contained the following spells:

 Spells                   Type           Power      Damage    Failure   Level


Dungeon Overview and Level Annotations

Branches:
Dungeon (3/15)

Altars:

Annotations:
D:4 Edmund


Message History

You destroy the phantom!
Your Spellcasting skill increases to level 7!
Edmund the Younger comes into view.
He is wielding a +4 flail of protection and carrying a wand of light (10).
Found 18 gold pieces.
Edmund shouts!
Found a cloak.
Edmund zaps a wand.
The bolt of light misses you.
Casting: Searing Ray (safe; 1% risk of failure)
Confirm with . or Enter, or press ? or * to list all spells.
You can't see any susceptible monsters within range! (Use Z to cast anyway.)
The magic dart hits Edmund but does no damage.
Edmund zaps a wand.
The bolt of light hits you!
A ball python comes into view.
Casting: Magic Dart (safe; 1% risk of failure)
Confirm with . or Enter, or press ? or * to list all spells.
Aiming: Searing Ray (safe; 1% risk of failure)
Press: ? - help, Shift-Dir - straight line, f/p - Edmund
Aim: Edmund, wielding a +4 flail of protection, wearing a +0 ring mail and carrying a wand of light (8) (85% to hit)
The searing ray hits Edmund!
Edmund is lightly wounded. (Press . to maintain the ray.)
The ball python hisses angrily.
The searing ray hits Edmund.
Edmund is moderately wounded.
Casting: Searing Ray (safe; 1% risk of failure)
Confirm with . or Enter, or press ? or * to list all spells.
The spell is quite dangerous to miscast (13% risk of failure)!
Continue anyway?
You erupt in a blast of force!
The mystic blast hits Edmund!
Edmund is heavily wounded.
Edmund is knocked back by the mystic blast.
Casting: Iskenderun's Mystic Blast (quite dangerous; 13% risk of failure)
Confirm with . or Enter, or press ? or * to list all spells.
Aiming: Magic Dart (safe; 1% risk of failure)
Press: ? - help, Shift-Dir - straight line, f - ball python, p - Edmund
Aim: a ball python (100% to hit)
The magic dart hits the ball python.
The ball python is severely wounded.
Edmund zaps a wand.
The bolt of light hits you!!
You are confused.
Ouch! That really hurt!
You die...

#.......# [#...####.##
###### ... #..## #....#
.... #...# #....#
.#..#####.#.######....#
........#.#...........#
..........#######.....#
......................#
###..S.@##########....#
#.....# #....# ##....#
#....# #....# ######
#..$@# #....# #....#
######


You could see Edmund and a ball python.

Vanquished Creatures
  Sigmund (D:3)
  A phantom (D:4)
  Crazy Yiuf (D:2)
  Jessica (D:2)
  Terence (D:2)
  An orc wizard (D:3)
  An adder (D:2)
  A worm (D:2)
  3 dart slugs
  4 orcs (D:3)
  4 endoplasms
  A giant cockroach (D:2)
  7 goblins
  3 hobgoblins
  2 jackals (D:2)
  A quokka (D:2)
  6 ball pythons
  5 bats (D:1)
  A frilled lizard (D:1)
  3 kobolds
  4 rats
52 creatures vanquished.

Notes
Turn   | Place    | Note
-------+----------+-------------------------------------------
     0 | D:1      | Heoruswealwe the Deep Elf Conjurer began the quest for the
                  | Orb.
     0 | D:1      | Reached XP level 1. HP: 10/10 MP: 6/6
   202 | D:1      | Reached XP level 2. HP: 15/15 MP: 4/8
   206 | D:1      | Learned a level 2 spell: Searing Ray
   686 | D:2      | Reached skill level 4 in Spellcasting
   716 | D:2      | Noticed Jessica
   719 | D:2      | Killed Jessica
   720 | D:2      | Reached skill level 5 in Conjurations
   720 | D:2      | Reached XP level 3. HP: 19/19 MP: 6/10
   724 | D:2      | Learned a level 3 spell: Dazzling Flash
   867 | D:2      | Found a runed translucent door.
   868 | D:2      | Noticed Crazy Yiuf
   875 | D:2      | Killed Crazy Yiuf
   876 | D:2      | Reached XP level 4. HP: 24/24 MP: 5/12
   881 | D:2      | Learned a level 4 spell: Fulminant Prism
   949 | D:2      | Found a faded altar of an unknown god.
  1049 | D:2      | Noticed Terence
  1063 | D:2      | Killed Terence
  1064 | D:2      | Reached skill level 5 in Spellcasting
  1345 | D:2      | Identified the +1 flail of the Sun {protect, rC++ rN+ Int+3
                  | Dex-5}
  1513 | D:3      | Reached XP level 5. HP: 15/28 MP: 10/15
  1518 | D:3      | Learned a level 4 spell: Iskenderun's Mystic Blast
  1669 | D:3      | Noticed Sigmund
  1675 | D:3      | Killed Sigmund
  1676 | D:3      | Reached skill level 6 in Spellcasting
  1676 | D:3      | Reached XP level 6. HP: 32/32 MP: 10/17
  1741 | D:3      | Paralysed by a hobgoblin for 2 turns
  2169 | D:2      | You fall into a shaft and drop 2 floors!
  2191 | D:4      | Reached skill level 7 in Spellcasting
  2195 | D:4      | Noticed Edmund
  2202 | D:4      | Killed from afar by Edmund

Illustrated notes

Levels and vault maps discovered:
D:1:      dpeg_arrival_subterranean_lakeside_camping, layout_loops_ring
D:2:      layout_loops_cross, dreamdust_ecumenical_altar_sealed_demon,
          minmay_ruptured, uniq_crazy_yiuf_cottage, uniq_terence, uniq_jessica
D:3:      layout_basic, uniq_sigmund
D:4:      layout_rooms, mainiacjoe_overflow_alcove_1, uniq_edmund

Skill      XL: |  1  2  3  4  5  6 |
---------------+-------------------+-----
Spellcasting   | 4 5 6 7 |  7.0
Conjurations   | 5 6 |  6.9
Dodging        | |  2.4
Stealth        | |  2.4

Action                     |  1- 3 |  4- 6 || total
---------------------------+-------+-------++-------
  Melee: Unarmed           |       |     2 ||     2
   Cast: Magic Dart        |    51 |    30 ||    81
         Searing Ray       |     1 |     8 ||     9
         Iskenderun's Myst |       |     1 ||     1
    Use: Potion            |       |     1 ||     1
 Armour: Robe              |       |     4 ||     4
  Dodge: Dodged            |     3 |     6 ||     9
